 Dungeon Crawl Stone Soup version 0.17-a0-1404-gb8113a6 (webtiles) character file.

4690 RobertPalmer the Cleaver (level 10, 0/88 HPs)
             Began as a Green Draconian Chaos Knight on June 21, 2015.
             Hit by a large rock thrown by a cyclops (32 damage)
             ... on level 9 of the Dungeon on June 22, 2015.
             The game lasted 00:20:11 (8701 turns).

RobertPalmer the Cleaver (DrCK)                     Turns: 8701, Time: 00:20:13

Health: 0/88       AC:  2    Str: 14    XL:     10   Next: 21%
Magic:  10/10      EV: 12    Int: 18    God:    Xom [..*...]
Gold:   277        SH:  0    Dex: 15    Spells: 0 memorised, 9 levels left

rFire  . . .     SeeInvis .     h - +9 war axe of Ziriw {speed, +Rage Dex+4}
rCold  + . .     Clarity  +     (armour unavailable)
rNeg   . . .     SustAt   .     (no shield)
rPois  +         Gourm    +     (helmet restricted)
rElec  +         Spirit   .     (no cloak)
rCorr  .         Warding  .     (no gloves)
rMut   .         Stasis   .     (no boots)
MR     +....                    v - amulet of the gourmand {Gourm, !d}
Stlth  +.........               (no ring)
                                (no ring)

@: short of breath, corroded equipment, somewhat resistant to hostile
enchantments, very unstealthy
A: breathe noxious fumes, unfitting armour, hooves 2, horns 1, stinger 1,
clarity, clever 1, cold resistance 1, magic resistance 1, mutation resistance 1,
poison resistance, electricity resistance, cold-blooded, AC +7
a: Breathe Noxious Fumes, Renounce Religion, Evoke Berserk Rage


You were on level 9 of the Dungeon.
You worshipped Xom.
You were a toy of Xom.
You were completely stuffed.

You visited 1 branch of the dungeon, and saw 9 of its levels.

You collected 355 gold pieces.
You spent 78 gold pieces at shops.

Inventory:

Hand weapons
 h - the +9 war axe of Ziriw (weapon) {speed, +Rage Dex+4}
   (You found it on level 4 of the Dungeon)

   Attacks with this weapon are significantly faster.
   It affects your dexterity (+4).
   It lets you go berserk.
Missiles
 o - a throwing net {=f, !d}
 w - 11 curare-tipped needles
Armour
 z - a +0 pair of boots
   (You found it on level 8 of the Dungeon)
 D - a steam dragon hide {rSteam}
   (You found it on level 8 of the Dungeon)
Jewellery
 v - an amulet of the gourmand (around neck) {Gourm, !d}
   (You found it on level 7 of the Dungeon)
Magical devices
 g - a wand of polymorph (3)
   (You found it on level 4 of the Dungeon)
 E - a wand of lightning (6)
   (You took it off a wight on level 8 of the Dungeon)
 F - a wand of cold (5)
   (You found it on level 8 of the Dungeon)
Scrolls
 a - a scroll of recharging {unknown}
 f - 2 scrolls of enchant weapon
 j - a scroll of identify
 m - 3 scrolls of remove curse
 n - a scroll of magic mapping {!r}
 p - a scroll of immolation {!r}
 s - a scroll of enchant armour
 x - 2 scrolls of amnesia
 y - a scroll of fear
 C - a scroll of blinking {unknown}
Potions
 c - 3 potions of brilliance
 e - 2 potions of lignification {unknown}
 i - 3 potions of might
 k - 2 potions of flight {unknown}
 l - 2 potions of invisibility
 r - a potion of curing
 t - 3 potions of heal wounds
 u - 3 potions of agility
 A - a potion of ambrosia {unknown}
 B - a potion of degeneration {unknown}
Comestibles
 b - 6 bread rations {@e1}
 d - 2 slices of pizza
 q - 13 meat rations {@e2}
 G - a chunk of flesh {@w0}


   Skills:
 + Level 8.1 Fighting
   Level 6.6 Long Blades
 - Level 11.8 Axes
 - Level 2.1 Dodging


You had 9 spell levels left.
You didn't know any spells.

Dungeon Overview and Level Annotations

Branches:
Dungeon (9/15)             Temple (0/1) D:5            Lair (0/8) D:8
    Orc: D:9-12

Altars:
Ashenzari
Cheibriados
Fedhas
Nemelex Xobeh
Sif Muna
Vehumet
Zin

Shops:
D:5 *


Innate Abilities, Weirdness & Mutations

You can breathe blasts of noxious fumes.
Your lurid green scales are hard (AC +7).
Your body does not fit into most forms of armour.
Your system is resistant to poisons.
You are cold-blooded and may be slowed by cold attacks.
You have hoof-like feet.
You have a pair of small horns on your head.
Your tail ends in a poisonous barb.
You possess an exceptional clarity of mind.
Your mind is acute. (Int +2)
Your flesh is cold resistant.
You are resistant to hostile enchantments.
You are somewhat resistant to further mutation.
You are resistant to electric shocks.


Message History

G - 2 chunks of flesh {@w0} A kobold comes into view.
It is wielding a dagger.
You regained 2 hp, and now have 84/88 hp.
A kobold is nearby!
A kobold is nearby!
A kobold is nearby!
The kobold hits you with a dagger.
You slash the kobold!
You kill the kobold!
No target in view!
No target in view!
No target in view!
Things that are here:
a dagger; a kobold corpse
Things that are here:
a dagger; a kobold corpse
q - 13 meat rations {@e2} (gained 1)
A scorpion comes into view.
Health restored: 88 A scorpion is nearby!
A scorpion is nearby!
A scorpion is nearby!
You slash the scorpion! Your kick misses the scorpion.
You barely miss the scorpion.
You headbutt the scorpion, but do no damage.
The scorpion stings you.
You take 4 damage, and have 84/88 hp.
You hit the scorpion.
You kill the scorpion!
No target in view!
You see here a scorpion corpse.
Eating one of 2 chunks of flesh {@w0}.
This raw flesh tastes great.
You continue eating. x2
Done exploring.
Done exploring.
Health restored: 88 Done exploring.
Done exploring.
(D) Dungeon (T) Temple (L) Lair
Where to? (Enter - D:7 @ (x,y), ? - help)
There is a stone staircase leading down here.
You climb downwards.
There is a stone staircase leading up here.
A cyclops comes into view.
The cyclops shouts!
A sky beast comes into view.
There are monsters nearby!
There are monsters nearby!
There are monsters nearby!
A quokka comes into view.
You start waiting.
Aim: a sky beast You exhale a blast of noxious fumes.
The blast of choking fumes misses the sky beast.
You feel somewhat less full.
The sky beast is engulfed in noxious fumes.
The sky beast appears confused.
The sky beast barely misses itself.
The sky beast is engulfed in noxious fumes.
The sky beast appears confused.
The sky beast closely misses something.
The sky beast is engulfed in noxious fumes.
The sky beast appears confused.
The sky beast is engulfed in noxious fumes.
The sky beast appears confused.
You slash the sky beast!
Your tail-slap misses the sky beast.
The sky beast is engulfed in noxious fumes.
The sky beast hits the quokka but does no damage.
You hit the sky beast. You kick the sky beast. You headbutt the sky beast.
You strike the helpless sky beast from behind!
You slash the sky beast!
You kill the sky beast!
Your Fighting skill increases to level 8!
There is a stone staircase leading up here.
The quokka completely misses you.
Xom decides to rearrange the pieces.
You swap places with the quokka.
The quokka looks rather confused.
Some monsters swap places.
You are now a special plaything of Xom.
Unknown command.
The cyclops barely misses you. The cyclops completely misses you.
Unknown command.
Xom's power touches on a nearby monster.
The quokka evaporates and reforms as a jelly!
You are now a toy of Xom.
The cyclops throws a large rock.
The large rock hits you!!
You take 19 damage, and have 69/88 hp.
MASSIVE DAMAGE!!
You hit the jelly. The acid corrodes you!
Your hands burn!
You headbutt the jelly. You tail-slap the jelly.
You hit the cyclops but do no damage.
You take 4 damage, and have 65/88 hp.
You slash the jelly!
You kill the jelly!
The quokka returns to its original shape as it dies.
You slash the cyclops! The cyclops hits you!!
You take 33 damage, and have 32/88 hp.
MASSIVE DAMAGE!!
The cyclops throws a large rock.
The large rock hits you!!
You die...
Xom howls with laughter!

#.# #.# #.#
#.# #.# #<#
#C# #.# #@#
#####.#
#.....#
#C##### #.#
#C# #.#
.........#
.######....


You could see a cyclops.

Vanquished Creatures
  2 wandering mushrooms (D:8)
  2 hippogriffs (D:7)
  A steam dragon (D:8)
  3 phantoms
  A spider (D:4)
  A centaur (D:5)
  4 ice beasts
  4 orc warriors
  2 sky beasts
  2 black bears
  5 ogres
  A wasp (D:8)
  3 giant frogs (D:6)
  3 killer bees (D:8)
  A scorpion (D:8)
  9 wights
  3 crimson imps
  5 orc priests
  A hound (D:7)
  An iron imp (D:7)
  2 quasits
  Ijyb (D:3)
  2 giant frog skeletons
  A jelly (D:9)
  A worker ant (D:6)
  A centaur skeleton (D:5)
  6 orc wizards
  2 iguanas
  A killer bee zombie (D:7)
  3 hound skeletons
  3 gnolls (D:4)
  9 adders
  A shadow imp (D:6)
  3 oozes
  An adder skeleton (D:5)
  An adder zombie (D:6)
  6 worms
  3 giant geckos
  42 orcs
  2 bat skeletons
  4 giant cockroaches
  16 goblins
  16 hobgoblins
  12 jackals
  12 kobolds
  4 quokkas
  3 ball pythons
  17 bats
  A giant gecko zombie (D:7)
  5 giant newts
  12 rats
  5 fungi (D:8)
252 creatures vanquished.

Vanquished Creatures (collateral kills)
  An orc priest (D:6)
  An orc (D:6)
  A kobold (D:4)
3 creatures vanquished.

Vanquished Creatures (others)
  2 fungi (D:8)
2 creatures vanquished.

Grand Total: 257 creatures vanquished

Notes
Turn   | Place    | Note
--------------------------------------------------------------
     0 | D:1      | RobertPalmer the Draconian Chaos Knight began the quest for the Orb.
     0 | D:1      | Reached XP level 1. HP: 19/19 MP: 1/1
    26 | D:1      | XOM: smoke on damage
   112 | D:1      | Reached XP level 2. HP: 24/26 MP: 2/2
   158 | D:1      | XOM: harmless Summ miscast
   338 | D:1      | Reached skill level 4 in Long Blades
   383 | D:1      | Reached XP level 3. HP: 27/31 MP: 3/3
  1057 | D:1      | XOM: harmless Divn miscast
  1165 | D:1      | XOM: harmless Trmt miscast
  1316 | D:2      | Reached XP level 4. HP: 17/38 MP: 4/4
  1471 | D:2      | XOM: harmless Ice miscast
  1538 | D:2      | Reached skill level 5 in Long Blades
  1608 | D:2      | XOM: potion effect (invisibility)
  1710 | D:2      | XOM: divination: detect items
  1990 | D:3      | XOM: noise
  2041 | D:3      | XOM: enchant monster (bad)
  2051 | D:3      | HP: 9/38 [poisoned by an orc]
  2059 | D:3      | HP: 8/38 [poisoned by an orc]
  2343 | D:3      | Found a snail-covered altar of Cheibriados.
  2355 | D:3      | Noticed Ijyb
  2369 | D:3      | Killed Ijyb
  2369 | D:3      | Reached XP level 5. HP: 37/45 MP: 5/5
  2643 | D:3      | Reached skill level 6 in Long Blades
  3198 | D:4      | HP: 11/45 [orc/falchion (7)]
  3321 | D:4      | XOM: silly message
  3460 | D:4      | Noticed a phantom
  3465 | D:4      | XOM: confuse monster(s)
  3488 | D:4      | XOM: enchant monster (good)
  3503 | D:4      | HP: 5/45 [phantom (8)]
  3513 | D:4      | Found a shattered altar of Ashenzari.
  3513 | D:4      | XOM: potion effect (brilliance)
  3522 | D:4      | Got a pitted war axe
  3522 | D:4      | HP: 11/45 [phantom (2)]
  3546 | D:3      | Identified the +9 war axe of Ziriw {speed, +Rage Dex+4} (You found it on level 4 of the Dungeon)
  3835 | D:4      | Reached skill level 1 in Axes
  3835 | D:4      | Reached XP level 6. HP: 38/51 MP: 6/6
  3859 | D:4      | XOM: divination: detect creatures
  3889 | D:4      | Killed a phantom
  3889 | D:4      | Reached skill level 2 in Axes
  3903 | D:4      | Found a deep blue altar of Sif Muna.
  3903 | D:4      | Found a radiant altar of Vehumet.
  3903 | D:4      | Found Kuinaom's Distillery.
  3903 | D:4      | XOM: 8-stop teleportation journey
  3940 | D:4      | Noticed an ogre
  3944 | D:4      | XOM: cast spell 'Spider Form'
  3947 | D:4      | XOM: summons friendly ufetubus
  3958 | D:4      | Killed an ogre
  3958 | D:4      | Reached skill level 3 in Axes
  3964 | D:4      | Got a transparent dagger
  3969 | D:4      | Identified the +7 dagger "Veclilis" {speed, rF- rN+ Int+2 Dex+5} (You took it off a kobold on level 4 of the Dungeon)
  3980 | D:4      | Reached skill level 4 in Axes
  3980 | D:4      | Your scales start taking on a lurid green colour.
  3980 | D:4      | Gained mutation: Your system is resistant to poisons. [Green Draconian growth]
  3980 | D:4      | Reached XP level 7. HP: 31/57 MP: 7/7
  4087 | D:4      | XOM: give mutations
  4087 | D:4      | Gained mutation: You are somewhat resistant to further mutation. [Xom's grace]
  4087 | D:4      | Gained mutation: You have a pair of small horns on your head. [Xom's grace]
  4349 | D:4      | Noticed an ogre
  4355 | D:4      | Killed an ogre
  4355 | D:4      | Reached skill level 5 in Axes
  4693 | D:5      | Entered Level 5 of the Dungeon
  4701 | D:5      | Reached skill level 6 in Axes
  4757 | D:5      | XOM: give mutation
  4757 | D:5      | Gained mutation: Your mind is acute. (Int +2) [Xom's grace]
  4883 | D:4      | XOM: draining
  4965 | D:5      | Found Quydghomp's General Store.
  4979 | D:5      | Bought a scroll of magic mapping for 42 gold pieces
  4979 | D:5      | Bought a potion of curing for 36 gold pieces
  5017 | D:5      | XOM: fake destruction
  5019 | D:5      | Reached skill level 7 in Axes
  5019 | D:5      | Reached XP level 8. HP: 63/63 MP: 8/8
  5059 | D:5      | XOM: divination: detect creatures
  5261 | D:5      | XOM: give mutations
  5261 | D:5      | Gained mutation: You have large cloven feet. [Xom's grace]
  5261 | D:5      | Gained mutation: Your tail ends in a poisonous barb. [Xom's grace]
  5261 | D:5      | Gained mutation: You possess an exceptional clarity of mind. [Xom's grace]
  5405 | D:5      | Found a staircase to the Ecumenical Temple.
  5405 | D:5      | XOM: 7-stop teleportation journey
  5568 | D:5      | XOM: torment (33/63 hp)
  5635 | D:5      | XOM: god gift: ring mail {god gift}
  5722 | D:5      | XOM: 6-stop teleportation journey
  5747 | D:5      | XOM: 1-stop teleportation journey
  6073 | D:5      | XOM: give mutations
  6073 | D:5      | Gained mutation: Your flesh is cold resistant. [Xom's grace]
  6073 | D:5      | Gained mutation: You have hoof-like feet. [Xom's grace]
  6073 | D:5      | Gained mutation: You are resistant to electric shocks. [Xom's grace]
  6073 | D:5      | Gained mutation: You are resistant to hostile enchantments. [Xom's grace]
  6253 | D:6      | Reached skill level 8 in Axes
  6361 | D:6      | XOM: enchant monster (good)
  6365 | D:6      | Reached skill level 9 in Axes
  6397 | D:6      | Found a sparkling altar of Nemelex Xobeh.
  6753 | D:6      | XOM: 2-stop teleportation journey
  6974 | D:7      | XOM is BORED!
  6974 | D:7      | XOM: chaos upgrade
  6992 | D:7      | Reached skill level 10 in Axes
  7002 | D:7      | XOM: polymorph crimson imp -> iron imp
  7003 | D:7      | Reached XP level 9. HP: 56/70 MP: 9/9
  7066 | D:7      | XOM: 1-stop teleportation journey
  7184 | D:7      | Reached skill level 11 in Axes
  7748 | D:7      | XOM: fog
  7870 | D:8      | Reached skill level 4 in Fighting
  7886 | D:8      | Reached skill level 5 in Fighting
  7911 | D:8      | Found a staircase to the Lair.
  7934 | D:8      | Reached skill level 6 in Fighting
  7959 | D:8      | XOM: god gift: 7 meat rations
  8102 | D:8      | Reached XP level 10. HP: 84/84 MP: 10/10
  8145 | D:8      | Reached skill level 7 in Fighting
  8154 | D:8      | Found a glowing silver altar of Zin.
  8218 | D:8      | Found a blossoming altar of Fedhas.
  8300 | D:8      | XOM: summons 1 friendly demon
  8669 | D:9      | Noticed a cyclops
  8684 | D:9      | Reached skill level 8 in Fighting
  8693 | D:9      | XOM: swap monsters
  8697 | D:9      | XOM: polymorph quokka -> jelly
  8701 | D:9      | Hit by a large rock thrown by a cyclops

Vault maps used:
D:1:      dpeg_arrival_boxes_within_box, hangedman_feature_mirror,
          corexii_hall_statues_x, dk_noncrumbling_3
D:3:      overflow_temple_1_default, uniq_iyjb
D:4:      nicolae_overflow_crystal_walls, gammafunk_temple_overflow_pools,
          serial_shops, nicolae_shop_statue_plus, kennysheep_generic_room_6
D:5:      minmay_temple_entry_statues_pillars, first_bread, serial_shops,
          nicolae_shop_waterfront, hangedman_decor_points
D:6:      nemelex_xobeh_ov_fountains_minmay
D:7:      kennysheep_big_flooded_room, lightli_orcish_oven
D:8:      kennysheep_mini_moat, nicolae_overflow_hidden_temple,
          dpeg_oklobed_lair
D:9:      kennysheep_mini, hangedman_little_slice_of_home, st_stairs_1,
          amethyst_killhole

Action                   |  1- 3 |  4- 6 |  7- 9 | 10-12 || total
-------------------------+-------+-------+-------+-------++-------
Melee: Falchion          |    86 |   246 |       |       ||   332
       War axe           |       |    43 |   258 |    60 ||   361
       Unarmed           |       |     3 |       |       ||     3
 Abil: Breathe Noxious F |       |       |    19 |     3 ||    22
Evoke: Wand              |       |     3 |       |       ||     3
  Use: Potion            |       |     4 |     1 |     1 ||     6
       Scroll            |       |    14 |     5 |       ||    19
 Stab: Invisible         |       |     1 |       |       ||     1
       Sleeping          |       |     1 |       |       ||     1
       Paralysed         |       |     4 |       |       ||     4
       Confused          |       |       |     9 |     2 ||    11
  Eat: Chunk             |     1 |    10 |    23 |     9 ||    43

Vault maps used:
D:1:      dpeg_arrival_boxes_within_box, hangedman_feature_mirror,
          corexii_hall_statues_x, dk_noncrumbling_3
D:3:      overflow_temple_1_default, uniq_iyjb
D:4:      nicolae_overflow_crystal_walls, gammafunk_temple_overflow_pools,
          serial_shops, nicolae_shop_statue_plus, kennysheep_generic_room_6
D:5:      minmay_temple_entry_statues_pillars, first_bread, serial_shops,
          nicolae_shop_waterfront, hangedman_decor_points
D:6:      nemelex_xobeh_ov_fountains_minmay
D:7:      kennysheep_big_flooded_room, lightli_orcish_oven
D:8:      kennysheep_mini_moat, nicolae_overflow_hidden_temple,
          dpeg_oklobed_lair
D:9:      kennysheep_mini, hangedman_little_slice_of_home, st_stairs_1,
          amethyst_killhole

Table legend:
 A = Turns spent in this place as a percentage of turns spent in the entire game.
 B = Non-inter-level travel turns spent in this place as a percentage of non-inter-level travel turns spent in the entire game.
 C = Inter-level travel turns spent in this place as a percentage of turns spent in this place.
 D = Turns resting spent in this place as a percentage of non-inter-level travel turns spent in this place.
 E = Turns spent auto-exploring this place as a percentage of non-inter-level travel turns spent in this place.
 F = Non-inter-level travel turns spent in this place divided by the number of levels of this place that you've seen.
                   A       B       C       D       E      F
               +-------+-------+-------+-------+-------+----------------------
         Total | 100.0 | 100.0 |   0.5 |   2.2 |  10.2 | 309.7
       Dungeon | 100.0 | 100.0 |   0.5 |   2.2 |  10.2 | 309.7
               +-------+-------+-------+-------+-------+----------------------

Table legend:
 A = Kills in this place as a percentage of kills in entire the game.
 B = Kills by you in this place as a percentage of kills by you in the entire game.
 C = Kills by friends in this place as a percentage of kills by friends in the entire game.
 D = Other kills in this place as a percentage of other kills in the entire game.
 E = Experience gained in this place as a percentage of experience gained in the entire game.
 F = Experience gained in this place divided by the number of levels of this place that you have seen.
                   A       B       C       D       E      F
               +-------+-------+-------+-------+-------+----------------------
         Total | 100.0 | 100.0 | 100.0 | 100.0 | 100.0 | 744.4
       Dungeon | 100.0 | 100.0 | 100.0 | 100.0 | 100.0 | 744.4
               +-------+-------+-------+-------+-------+----------------------
